 Dungeon Crawl Stone Soup version 0.31-a0-806-g0bc164a743 (webtiles) character file.

Game seed: 2670545566227433992

86 Nedwor the Trooper (level 4, 6/36 HPs)
             Began as a Demonspawn Fighter on Sept 21, 2023.
             Quit the game on level 2 of the Dungeon.
             The game lasted 00:01:50 (1274 turns).

Nedwor the Trooper (Demonspawn Fighter)             Turns: 1274, Time: 00:01:50

Health: 6/36       AC:  8    Str: 17 (18) XL:     4   Next: 26%
Magic:  4/4        EV:  9    Int:  8 (9)  God:
Gold:   60         SH:  4    Dex: 12 (13) Spells: 3/3 levels left

rFire   . . .        a - +0 rapier
rCold   . . .        c - +0 buckler
rNeg    . . .        b - +0 scale mail
rPois   .            (no helmet)
rElec   .            (no cloak)
rCorr   .            (no gloves)
SInv    .            h - +0 pair of boots
Will    .....        (no amulet) Stlth
                     (no ring)
HPRegen 0.26/turn    (no ring)
MPRegen 0.09/turn

%: no passive effects
@: seriously poisoned (6 -> 1)
A: rugged brown scales 1, demonic magic 1
a: no special abilities


You were on level 2 of the Dungeon.
You visited 1 branch of the dungeon, and saw 2 of its levels.

You collected 60 gold pieces.

Inventory:

Hand Weapons
 a - a +0 rapier (weapon)
 f - a +1 short sword of speed
Armour
 b - a +0 scale mail (worn)
 c - a +0 buckler (worn)
 h - a +0 pair of boots (worn)
Scrolls
 e - a scroll of identify {unknown}
 g - a scroll of teleportation {unknown}
Potions
 d - a potion of might


   Skills:
 + Level 3.5 Fighting
 * Level 2.9 Short Blades
 + Level 3.1 Armour
 + Level 3.1 Shields


You had 3 spell levels left.
You didn't know any spells.
Your spell library was empty.

Dungeon Overview and Level Annotations

Branches:
Dungeon (2/15)

Altars:

Shops:
D:1 *   D:2 (


Innate Abilities, Weirdness & Mutations

You are partially covered in rugged brown scales. (AC +1, +3% HP)
Spells you cast may paralyse adjacent enemies.


Message History

The scorpion barely misses you.
You hit the scorpion but do no damage.
The scorpion is severely wounded.
You block the scorpion's attack. The scorpion barely misses you.
You completely miss the scorpion.
The scorpion is severely wounded.
The scorpion barely misses you.
You hit the scorpion.
The scorpion is almost dead.
The scorpion stings you but does no damage.
You hit the scorpion but do no damage.
The scorpion is almost dead.
The scorpion stings you but does no damage.
The scorpion stings you.
You are lethally poisoned!
The scorpion poisons you!
You hit the scorpion but do no damage.
The scorpion is almost dead.
* * * LOW HITPOINT WARNING * * *
You feel very sick. The scorpion barely misses you.
You hit the scorpion.
You kill the scorpion!
* * * LOW HITPOINT WARNING * * *
You feel sick.
Your Armour skill increases to level 3!
Your Shields skill increases to level 3!
You have reached level 3!
Your experience leads to an increase in your attributes!
Increase (S)trength, (I)ntelligence, or (D)exterity?
You feel stronger. x2; Your demonic ancestry asserts itself...
A menacing aura infuses your magic.
You have reached level 4!
You feel agile.
It was a potion of degeneration.
There was something very wrong with that liquid.
You feel weakened.
You feel dopey.
You feel clumsy.
* * * LOW HITPOINT WARNING * * *
You feel sick.
Are you sure you want to abandon this character and quit the game? (Confirm with "yes".)

....†.....# ##.###....#
##.###.#.## .......#.#
########.###############
#...............#
#########....##. #.###.#
#@# #)# #.. #... #.##.
#.# .# #.# # #.#


There were no monsters in sight!

Vanquished Creatures
  A scorpion (D:2)
  A worm (D:2)
  4 endoplasms (D:1)
  A goblin (D:1)
  A hobgoblin (D:1)
  A quokka (D:2)
  2 ball pythons (D:1)
  3 bats (D:1)
  A frilled lizard (D:1)
  4 kobolds
  4 rats (D:1)
23 creatures vanquished.

Notes
Turn   | Place    | Note
-------+----------+-------------------------------------------
     0 | D:1      | Nedwor the Demonspawn Fighter began the quest for the Orb.
     0 | D:1      | Reached XP level 1. HP: 18/18 MP: 1/1
   164 | D:1      | Gained mutation: You are partially covered in rugged brown
                  | scales. (AC +1, +3% HP) [demonic ancestry]
   164 | D:1      | Reached XP level 2. HP: 18/24 MP: 2/2
   774 | D:1      | Found Zoppuaje's General Store.
  1161 | D:2      | Found Daiz's Weapon Shop.
  1254 | D:2      | Noticed a scorpion
  1272 | D:2      | Killed a scorpion
  1273 | D:2      | Gained mutation: Spells you cast may paralyse adjacent
                  | enemies. [demonic ancestry]
  1273 | D:2      | Reached XP level 3. HP: 5/29 MP: 3/3
  1273 | D:2      | Reached XP level 4. HP: 6/36 MP: 4/4
  1274 | D:2      | Quit the game

Illustrated notes

Levels and vault maps discovered:
D:1:      kennysheep_arrival_forest, layout_loops_corners, serial_shops, shop,
          minmay_misc_feat_x
D:2:      layout_loops_cross, ebering_ecumenical_altar_webs, basic_altar,
          serial_shops, nicolae_shop_behind_doors, shop,
          chequers_decorated_corner

Skill      XL: |  1  2 |
---------------+-------+-----
Short Blades   | 2 |  2.9
Armour         | 3 |  3.1
Shields        | 3 |  3.1
Fighting       | |  3.5

Action                     |  1- 3 |  4- 6 || total
---------------------------+-------+-------++-------
  Melee: Rapier            |    88 |       ||    88
    Use: Potion            |       |     1 ||     1
 Armour: Scale mail        |    63 |       ||    63
  Dodge: Dodged            |    31 |       ||    31
  Block: Buckler           |    13 |       ||    13

Table legend: (Time is in decaauts)
 A = Elapsed time spent in this place.
 B = Non-inter-level travel time spent in this place.
 C = Inter-level travel time spent in this place.
 D = Time resting spent in this place.
 E = Time spent auto-exploring this place.
 F = Levels seen in this place.
 G = Mean time per level.
                   A        B        C        D        E       F      G
               +--------+--------+--------+--------+--------+-----+--------+
         Total |   1285 |   1219 |     66 |      0 |   1041 |   2 |  642.5 |
       Dungeon |   1285 |   1219 |     66 |      0 |   1041 |   2 |  642.5 |
               +--------+--------+--------+--------+--------+-----+--------+

Top non-repeatable levels by time:
     D:1: 1031 daAuts
     D:2: 254 daAuts
